 Dungeon Crawl Stone Soup version 0.27-a0-1066-g29160eaed2 (webtiles) character file.

Game seed: 8066477110212940765

4 LordDeathwing the Skirmisher (level 1, -8/20 HPs)
             Began as a Hill Orc Fighter on Apr 24, 2021.
             Splashed by a jelly's acid (9 damage)
             ... on level 1 of the Dungeon.
             The game lasted 00:00:34 (18 turns).

LordDeathwing the Skirmisher (Hill Orc Fighter)       Turns: 18, Time: 00:00:34

Health: -8/20      AC:  2    Str: 18    XL:     1   Next: 70%
Magic:  1/1        EV:  7    Int:  8    God:
Gold:   0          SH:  9    Dex: 10    Spells: 0/0 levels left

rFire    . . .     SeeInvis .   a - +0 war axe
rCold    . . .     Faith    .   c - +0 kite shield
rNeg     . . .     Spirit   .   b - +0 scale mail
rPois    .         Reflect  .   (no helmet)
rElec    .         Harm     .   (no cloak)
rCorr    .         Rampage  .   (no gloves)
Will     .....                  (no boots)
Stlth    ..........             (no amulet)
HPRegen  0.06/turn              (no ring)
MPRegen  0.07/turn              (no ring)

@: corroded
A: no striking features
a: no special abilities


You were on level 1 of the Dungeon.
You visited 1 branch of the dungeon, and saw 1 of its levels.

Inventory:

Hand Weapons
 a - a +0 war axe (weapon)
Armour
 b - a +0 scale mail (worn)
 c - a +0 kite shield (worn)
Potions
 d - a potion of might


   Skills:
 + Level 3.7 Fighting
 * Level 2.9 Axes
 * Level 3.4 Armour
 + Level 0.1 Stealth
 + Level 3.3 Shields


You couldn't memorise any spells.
You didn't know any spells.
Your spell library was empty.

Dungeon Overview and Level Annotations

Branches:
Dungeon (1/15)

Altars:


Message History

Welcome, LordDeathwing the Hill Orc Fighter.
The bosom of this dungeon contains the awesome artefact, the Orb of Zot.
Press ? for a list of commands and other information.
Found two stairs.
Found a runed translucent door.
The endoplasm quivers.
The jackal barks!
You hear a bark!
The jelly quivers.
The endoplasm quivers.
You open the door. You slash the giant cockroach!
You kill the giant cockroach!
The jackal stops to sniff the ground.
The giant cockroach bites you.
You slash the giant cockroach!
You kill the giant cockroach!
You slash the rat!
You kill the rat!
You closely miss the giant cockroach. The giant cockroach bites you.
The giant cockroach bites you but does no damage.
You slash the giant cockroach!
You kill the giant cockroach!
You slash the jelly!
Your hands burn!
The jelly is heavily wounded.
You hit the jackal. You block the jackal's attack.
The jelly jiggles.
The jelly barely misses you.
The jackal bites you but does no damage.
The jelly hits you but does no damage. You block the jackal's attack.
You closely miss the jackal.
The jackal is almost dead.
You hit the jelly. The acid corrodes you!
Your hands burn!
You block the jackal's attack. The jelly hits you.
You are splashed with acid!
* * * LOW HITPOINT WARNING * * *
The jackal barely misses you. The jelly hits you.
* * * LOW HITPOINT WARNING * * *
You are splashed with acid!
You die...

###+#######+###
#..⌠...>...⌠..#
#......<......#
+⌠....###....⌠+
#......@h.....#
#######J#######


...whrJhJ.. ......rB..... #.............# ############### You could see a worm,
a jelly, 2 endoplasms, 3 jackals, a giant cockroach and 2 rats.

Vanquished Creatures
  3 giant cockroaches (D:1)
  A rat (D:1)
4 creatures vanquished.

Notes
Turn   | Place    | Note
-------+----------+-------------------------------------------
     0 | D:1      | LordDeathwing the Hill Orc Fighter began the quest for the
                  | Orb.
     0 | D:1      | Reached XP level 1. HP: 19/19 MP: 1/1
     1 | D:1      | Found a runed translucent door.
     5 | D:1      | Noticed a jelly
    18 | D:1      | HP: 1/20 [jelly (2)]
    18 | D:1      | Splashed by a jelly's acid

Illustrated notes

Levels and vault maps discovered:
D:1:      dpeg_arrival_caged_fury, layout_loops_cross

Action                   || total
-------------------------++-------
Melee: War axe           ||     6
Armor: Scale mail        ||     3
Dodge: Dodged            ||     2
Block: Kite shield       ||     3

Table legend: (Time is in decaauts)
 A = Elapsed time spent in this place.
 B = Non-inter-level travel time spent in this place.
 C = Inter-level travel time spent in this place.
 D = Time resting spent in this place.
 E = Time spent auto-exploring this place.
 F = Levels seen in this place.
 G = Mean time per level.
                   A        B        C        D        E       F      G
               +--------+--------+--------+--------+--------+-----+--------+
         Total |     21 |     21 |      0 |      0 |      2 |   1 |   21.0 |
       Dungeon |     21 |     21 |      0 |      0 |      2 |   1 |   21.0 |
               +--------+--------+--------+--------+--------+-----+--------+

Top non-repeatable levels by time:
     D:1: 21 daAuts
